 Seeded DCSS version 0.31-a0-133-gaae73658be (webtiles) character file.

Game seed: 4191116242249289706 (custom seed)

158 Pimp the Chiller (level 5, 0/37 HPs)
             Began as a Merfolk Ice Elementalist on June 2, 2023.
             Killed from afar by an orc wizard (5 damage)
             ... with a magic dart
             ... on level 3 of the Dungeon.
             The game lasted 00:09:23 (2837 turns).

Pimp the Chiller (Merfolk Ice Elementalist)         Turns: 2837, Time: 00:09:24

Health: 0/37       AC:  5    Str:  6 (9)  XL:     5   Next: 39%
Magic:  9/9        EV: 12    Int: 13 (16) God:
Gold:   85         SH:  0    Dex: 13 (14) Spells: 3/9 levels left

rFire   . . .        l - +0 trident
rCold   . . .        (no shield)
rNeg    . . .        g - +2 leather armour
rPois   .            (no helmet)
rElec   .            (no cloak)
rCorr   .            (no gloves)
SInv    .            (no boots)
Will    .....        (no amulet)
Stlth   ++           c - ring of wizardry
HPRegen 0.26/turn    (no ring)
MPRegen 0.11/turn

%: wizardry (x1)
@: brilliant
A: (nimble swimmer 2), mertail
a: no special abilities


You were on level 3 of the Dungeon.
You visited 1 branch of the dungeon, and saw 3 of its levels.

You collected 85 gold pieces.

Inventory:

Hand Weapons
 i - a +0 spear
 l - a +0 trident (weapon)
Missiles
 d - 10 boomerangs
Armour
 a - a +0 robe
 g - a +2 leather armour (worn)
Jewellery
 c - a ring of wizardry (left hand)
Scrolls
 b - a scroll of acquirement {unknown}
 e - a scroll of identify
 j - 2 scrolls of fear
 n - a scroll of torment


   Skills:
 + Level 1.3 Fighting
 * Level 2.6 Polearms
 + Level 0.8 Armour
 + Level 3.6 Dodging
 - Level 2.6 Stealth
 + Level 2.6 Spellcasting
 + Level 0.4 Conjurations
 + Level 4.9 Ice Magic
 + Level 0.3 Air Magic


You had 3 spell levels left.
You knew the following spells:

 Your Spells              Type           Power      Damage    Failure   Level
a - Freeze                Ice            84%        1d9       1%          1
b - Frozen Ramparts       Ice            42%        1d7       6%          3
c - Static Discharge      Conj/Air       8%         2-3/arc   19%         2

Your spell library contained the following spells:

 Spells                   Type           Power      Damage    Failure   Level
 Ozocubu's Armour         Ice            21%        N/A       6%          3
 Summon Ice Beast         Ice/Summ       12%        N/A       45%         4
 Airstrike                Air            2%         2d(1-17)  75%         4
 Summon Lightning Spire   Summ/Air       3%         N/A       77%         4


Dungeon Overview and Level Annotations

Branches:
Dungeon (3/15)

Altars:

Shops:
D:1 :   D:3 [


Innate Abilities, Weirdness & Mutations

((You are very nimble when in or above water. (Stealth+, EV+, Speed+++)))
Your lower body shifts to a powerful aquatic tail in water.


Message History

You hear some strange, mumbled words.
You are confused.
You bump into the rock wall.
Something hits you but does no damage.
You bump into the rock wall.
Something hits you but does no damage.
You bump into the rock wall.
You hear some strange, mumbled words.
You are more confused.
You completely miss something.
You hear some strange, mumbled words.
You are more confused.
You bump into the rock wall.
Something hits you.
You completely miss something. Something hits you.
You closely miss something. Something hits you but does no damage.
You bump into the rock wall.
Something hits you.
You barely miss something.
You hear some strange, mumbled words.
A puff of flame appears from out of thin air!
The puff of flame hits you.
* * * LOW HITPOINT WARNING * * *
You aren't carrying any potions.
You miss something. Something hits you but does no damage. Something hits you.
* * * LOW HITPOINT WARNING * * *
You are too confused!
You completely miss something. Something hits you but does no damage.
You're too confused to move!
Something hits you.
* * * LOW HITPOINT WARNING * * *
You barely miss something. Something hits you.
* * * LOW HITPOINT WARNING * * *
You closely miss something. Something hits you but does no damage.
You bump into the rock wall.
You hear some strange, mumbled words.
A magic dart appears from out of thin air!
The magic dart hits you.
* * * LOW HITPOINT WARNING * * *
You're too confused to move!
You feel less confused.
You hear some strange, mumbled words.
A magic dart appears from out of thin air!
The magic dart hits you.
You die...

.... .... ##.. ## ....
.. .###...#####.. ##
.##..........# ..
##..........# ..#
#..........#####.#
#.........)##{@..#
###......)......##.# #
..............####.##.#
# #.............#.....#
#..........##....#
#....รท.....###...#
#####...#.##.....##
####................###
..<..##.........#.....#


There were no monsters in sight!

Vanquished Creatures
  A phantom (D:3)
  3 adders
  A worm (D:2)
  A dart slug (D:1)
  An orc (D:3)
  3 bats (D:3)
  6 endoplasms
  3 giant cockroaches (D:1)
  5 goblins
  5 hobgoblins
  3 jackals (D:3)
  5 kobolds
  2 quokkas
  2 frilled lizards (D:1)
  7 rats
48 creatures vanquished.

Notes
Turn   | Place    | Note
-------+----------+-------------------------------------------
     0 | D:1      | Pimp the Merfolk Ice Elementalist began the quest for the
                  | Orb.
     0 | D:1      | Reached XP level 1. HP: 13/13 MP: 3/3
   237 | D:1      | Reached XP level 2. HP: 19/19 MP: 1/5
   598 | D:1      | Found Himatz's Book Shoppe.
   913 | D:1      | Found a faded altar of an unknown god.
  1028 | D:2      | Reached XP level 3. HP: 20/25 MP: 2/6
  1032 | D:2      | Learned a level 3 spell: Frozen Ramparts
  1138 | D:2      | Reached skill level 1 in Polearms
  1956 | D:3      | Reached XP level 4. HP: 30/31 MP: 3/7
  2010 | D:3      | Noticed a phantom
  2037 | D:3      | Found Omie's Armour Shoppe.
  2257 | D:3      | Learned a level 2 spell: Static Discharge
  2325 | D:3      | Reached skill level 1 in Fighting
  2549 | D:3      | Killed a phantom
  2550 | D:3      | Reached XP level 5. HP: 37/37 MP: 2/9
  2837 | D:3      | Killed from afar by an orc wizard

Illustrated notes

Levels and vault maps discovered:
D:1:      eino_arrival_water_star, layout_basic, serial_shops, shop,
          serial_forest, infiniplex_forest_lined_2,
          infiniplex_forest_straight_1, infiniplex_forest_clump_small,
          infiniplex_forest_lined_3, infiniplex_forest_end_double,
          infiniplex_forest_straight_5,
          dreamdust_ecumenical_altar_hidden_monk_grotto
D:2:      layout_basic
D:3:      layout_rooms, serial_shops, shop, minivault_4, chequers_garden,
          interstate_on_off, amcnicky_mini_corridor_feature, uniq_jessica

Skill      XL: |  1  2  3  4 |
---------------+-------------+-----
Dodging        | 3 |  3.6
Polearms       | 1 2 |  2.6
Fighting       | 1 |  1.3
Armour         | |  0.8
Stealth        | |  2.6
Spellcasting   | |  2.6
Conjurations   | |  0.4
Ice Magic      | |  4.9
Air Magic      | |  0.3

Action                     |  1- 3 |  4- 6 || total
---------------------------+-------+-------++-------
  Melee: Unarmed           |     2 |       ||     2
         Spear             |    22 |    41 ||    63
         Trident           |       |    50 ||    50
         Punch             |       |     1 ||     1
   Cast: Freeze            |    48 |     2 ||    50
         Frozen Ramparts   |     1 |     5 ||     6
         Static Discharge  |       |     6 ||     6
    Use: Potion            |     1 |     7 ||     8
         Scroll            |       |    11 ||    11
   Stab: Sleeping          |     3 |       ||     3
 Armour: Robe              |     3 |       ||     3
         Leather armour    |     3 |    37 ||    40
         Skin              |       |    11 ||    11
  Dodge: Dodged            |    28 |    64 ||    92

Table legend: (Time is in decaauts)
 A = Elapsed time spent in this place.
 B = Non-inter-level travel time spent in this place.
 C = Inter-level travel time spent in this place.
 D = Time resting spent in this place.
 E = Time spent auto-exploring this place.
 F = Levels seen in this place.
 G = Mean time per level.
                   A        B        C        D        E       F      G
               +--------+--------+--------+--------+--------+-----+--------+
         Total |   2831 |   2676 |    155 |    223 |   1880 |   3 |  943.7 |
       Dungeon |   2831 |   2676 |    155 |    223 |   1880 |   3 |  943.7 |
               +--------+--------+--------+--------+--------+-----+--------+

Top non-repeatable levels by time:
     D:2: 1103 daAuts
     D:1: 937 daAuts
     D:3: 790 daAuts
